 Dungeon Sprint DCSS version 0.26.0-57-g60708a5e39 (webtiles) character file.

Game seed: 5307460409949188805

53 Groucho the Covert (level 3, 0/16 HPs)
             Began as a Spriggan Enchanter on Feb 1, 2021.
             Drowned by a water elemental (5 damage)
             ... in the Dungeon (Sprint III: "The Ten Rune Challenge").
             The game lasted 00:02:19 (1045 turns).

Groucho the Covert (Spriggan Enchanter)             Turns: 1045, Time: 00:02:20

Health: 0/16       AC:  2    Str:  5    XL:     3   Next: 62%
Magic:  7/10       EV: 18    Int: 16    God:
Gold:   20         SH:  0    Dex: 16    Spells: 6/12 levels left

rFire    . . .     SeeInvis +   a - +1 dagger
rCold    . . .     Faith    .   (shield restricted)
rNeg     . . .     Spirit   .   b - +0 robe
rPois    .         Reflect  .   (helmet restricted)
rElec    .         Harm     .   (no cloak)
rCorr    .         Rampage  .   (gloves unavailable)
Will     .....     NoTele   +   (boots unavailable)
Stlth    ++++......             (no amulet)
HPRegen  0.05/turn              (no ring)
MPRegen  0.12/turn              (no ring)

@: confusing touch, engulfed (cannot breathe), very quick
A: very small, unfitting armour, see invisible, speed 3
a: no special abilities


You were in the Dungeon.
You visited 1 branch You collected 20 gold pieces.

Inventory:

Hand Weapons
 a - a +1 dagger (weapon)
Armour
 b - a +0 robe (worn)
Scrolls
 i - 2 scrolls of blinking
 k - a scroll of immolation {unknown}
 l - a scroll of remove curse {unknown}
 o - a scroll of torment {unknown}
 p - 2 scrolls of identify {unknown}
Potions
 c - 2 potions of might {unknown}
 d - a potion of curing
 e - 3 potions of heal wounds
 f - a potion of haste
 g - 2 potions of magic
 h - a potion of berserk rage
 j - 2 potions of mutation {unknown}
 m - a potion of attraction {unknown}
 n - a potion of flight {unknown}


   Skills:
 + Level 1.1 Short Blades
 + Level 3.0 Dodging
 + Level 9.1 Stealth
 + Level 5.0 Spellcasting
 + Level 5.6 Hexes


You had 6 spell levels left.
You knew the following spells:

 Your Spells              Type           Power        Failure   Level
a - Corona                Hex            24%          1%          1
b - Ensorcelled Hibernat  Hex/Ice        26%          8%          2
c - Confusing Touch       Hex            22%          4%          3

Your spell library contained the following spells:

 Spells                   Type           Power        Failure   Level
 Tukima's Dance           Hex            22%          4%          3
 Dazzling Flash           Conj/Hex       26%          14%         3


Dungeon Overview and Level Annotations

Branches:
Dungeon (1/1)

Altars:


Innate Abilities, Weirdness & Mutations

You are very small and have problems with some larger weapons.
You are too small for most types of armour.
You have supernaturally acute eyesight. (SInv)
You cover ground extremely quickly.


Message History

A water elemental comes into view.
There is an open door to the Ecumenical Temple here.
This spell is extremely dangerous to cast!
Memorise Confusing Touch, consuming 3 spell levels and leaving 6?
You start memorising the spell.
You continue memorising. x3
You finish memorising.
Spell assigned to 'c'.
Casting: Ensorcelled Hibernation (safe; 8% risk of failure)
Confirm with . or Enter, or press ? or * to list all spells.
The spell is extremely dangerous to cast (4% risk of failure)!
Continue anyway?
Okay, then.
Casting: Confusing Touch (extremely dangerous; 4% risk of failure)
Confirm with . or Enter, or press ? or * to list all spells.
The spell is extremely dangerous to cast (4% risk of failure)!
Continue anyway?
Your hands begin to glow red.
The water elemental barely misses you.
You hit the water elemental but do no damage.
The water elemental hits you!
Ouch! That really hurt!
The water elemental engulfs you in water!
You hit the water elemental but do no damage.
You die...

▓...#......#####..#
▓..##.......#..#..#
▓##.##.##...#..#..###+#+##
##.##.###..##'#..#.......
▓#.####.##..###...'.⌠.....
▓.###..##..####...#...####
▓#.....##..###.E..#.⌠.#
###..##...##.....#...#
##..##...@#......#+###
#..###..##E#..)..# #).#
#..#####....# ▓▓▓▓ ▓▓▓▓
▓▓▓▓▓▓


You could see a water elemental.

Vanquished Creatures
  Crazy Yiuf (D)
  A human (D)
  An ooze (D)
  3 rats (D)
6 creatures vanquished.

Notes
Turn   | Place    | Note
-------+----------+-------------------------------------------
     0 | D        | Groucho the Spriggan Enchanter began the quest for the Orb.
     0 | D        | Reached XP level 1. HP: 9/9 MP: 5/5
    18 | D        | Reached skill level 5 in Stealth
   330 | D        | Reached skill level 6 in Stealth
   582 | D        | Noticed Crazy Yiuf
   585 | D        | Killed Crazy Yiuf
   586 | D        | Reached skill level 8 in Stealth
   586 | D        | Reached skill level 5 in Hexes
   586 | D        | Reached XP level 2. HP: 13/13 MP: 5/8
   586 | D        | Reached XP level 3. HP: 16/16 MP: 6/10
   601 | D        | Learned a level 2 spell: Ensorcelled Hibernation
   613 | D        | Reached skill level 9 in Stealth
   613 | D        | Reached skill level 5 in Spellcasting
  1030 | D        | Noticed a water elemental
  1043 | D        | Learned a level 3 spell: Confusing Touch
  1045 | D        | Drowned by a water elemental

Illustrated notes

Levels and vault maps discovered:
D:        dungeon_sprint_mu [sprint_mu_entry_cave, sprint_mu_temple_rooms,
          sprint_mu_d1_spiders, sprint_mu_d2_genie, sprint_mu_d3_branching,
          sprint_mu_orc_legion, sprint_mu_elf_gauntlet, sprint_mu_hive_nellie,
          sprint_mu_lair_fedhas, sprint_mu_vaults_butterflies,
          sprint_mu_slime_circle, sprint_mu_swamp_cave, sprint_mu_snake_twists,
          sprint_mu_blade_basic, sprint_mu_crypt_chambers,
          sprint_mu_tomb_spiral, sprint_mu_vestibule_basic,
          sprint_mu_gehenna_hellfire, sprint_mu_dis_giant,
          sprint_mu_tartarus_statrot, sprint_mu_cocytus_islands, sprint_mu_zot1]

Skill      XL: |  1  2  3 |
---------------+----------+-----
Stealth        | 8 9 |  9.1
Spellcasting   | 4 5 |  5.0
Hexes          | 5 |  5.6
Short Blades   | |  1.1
Dodging        | |  3.0

Action                   || total
-------------------------++-------
Melee: Dagger            ||    26
 Cast: Confusing Touch   ||     1
       Ensorcelled Hiber ||     1
 Stab: Sleeping          ||     3
Armor: Robe              ||     1
Dodge: Dodged            ||    14
